 Dungeon Crawl Stone Soup version 0.26.1-16-g4e020e15dc (webtiles) character file.

Game seed: 14207066704370830634

24 Mickster the Firebug (level 2, -3/23 HPs)
             Began as a Demigod Wanderer on Feb 22, 2023.
             Slain by a goblin
             ... wielding a +0 dagger
             ... led by Robin
              (5 damage)
             ... on level 3 of the Dungeon.
             The game lasted 00:17:32 (897 turns).

Mickster the Firebug (Demigod Wanderer)              Turns: 897, Time: 00:17:33

Health: -3/23      AC:  9    Str: 15    XL:     2   Next: 60%
Magic:  7/7        EV:  1    Int: 15    God:
Gold:   56         SH:  9    Dex: 16    Spells: 4/5 levels left

rFire    . . .     SeeInvis .   o - +0 club
rCold    . . .     Faith    .   j - -2 tower shield (curse)
rNeg     . . .     Spirit   .   f - +0 chain mail
rPois    .         Reflect  .   m - +0 helmet
rElec    .         Harm     .   (no cloak)
rCorr    +         Rampage  .   (no gloves)
Will     .....                  (no boots)
Stlth    ..........             (no amulet)
HPRegen  0.07/turn              h - ring of resist corrosion
MPRegen  0.10/turn              (no ring)

@: about to teleport
A: high mp 1
a: no special abilities


You were on level 3 of the Dungeon.
You visited 1 branch of the dungeon, and saw 3 of its levels.

You collected 56 gold pieces.

Inventory:

Hand Weapons
 a - a +2 quarterstaff
 e - a +0 dagger
 g - a +0 hunting sling
 o - a +0 club (weapon)
Missiles
 b - 12 arrows
 i - 97 stones (quivered)
 n - 2 atropa-tipped darts
Armour
 d - a +0 robe
 f - a +0 chain mail (worn)
 j - a cursed -2 tower shield (worn)
 k - a +0 leather armour
 m - a +0 helmet (worn)
Jewellery
 h - a ring of resist corrosion (left hand)
Scrolls
 c - 2 scrolls of teleportation
 l - 2 scrolls of amnesia


   Skills:
 + Level 1.1 Fighting
 + Level 1.4 Staves
 + Level 0.2 Dodging
 + Level 1.9 Stealth
 + Level 0.1 Shields
 + Level 2.0 Spellcasting
 + Level 3.0 Fire Magic
 + Level 1.0 Evocations


You had 4 spell levels left.
You knew the following spells:

 Your Spells              Type           Power        Failure   Level
a - Shock                 Conj/Air       4%           100%        1

Your spell library contained the following spells:

 Spells                   Type           Power        Failure   Level
 Mephitic Cloud           Conj/Pois/Air  1%           100%        3


Dungeon Overview and Level Annotations

Branches:
Dungeon (3/15)

Annotations:
D:3 Robin


Innate Abilities, Weirdness & Mutations

You have an increased reservoir of magic. (+10% MP)


Message History

The hobgoblin hits you with a cursed -3 club.
* * * LOW HITPOINT WARNING * * *
You block the hobgoblin's attack.
You closely miss the hobgoblin.
The hobgoblin is almost dead.
You block the kobold's attack.
The goblin hits you but does no damage. x2
You block the hobgoblin's attack. The kobold hits you with a +0 dagger.
* * * LOW HITPOINT WARNING * * *
The hobgoblin hits you but does no damage.
The goblin hits you but does no damage. x2
As you read the scroll of teleportation, it crumbles to dust.
You feel strangely unstable.
The hobgoblin hits you but does no damage.
The kobold hits you but does no damage.
The hobgoblin hits you but does no damage.
The goblin hits you but does no damage. The goblin hits you with a +0 club.
* * * LOW HITPOINT WARNING * * *
You block the kobold's attack. The goblin hits you with a +0 dagger.
You die...

#.......................#
#......................##
#.........#.....#.....##
#####.###########.#####
#.#### #....#####
####...((# #####g###.#
#..@ggg.#
.......gK.g.....
#####.###g.#...# ...
....#.. #### ...## . #..#
... ...#


You could see Robin (fast), 3 hobgoblins, 3 goblins and a kobold.

Vanquished Creatures
  A worm (D:3)
  3 giant cockroaches (D:1)
  2 goblins (D:1)
  4 hobgoblins
  A quokka (D:3)
  3 bats (D:1)
  2 frilled lizards
  4 rats
20 creatures vanquished.

Notes
Turn   | Place    | Note
-------+----------+-------------------------------------------
     0 | D:1      | Mickster the Demigod Wanderer began the quest for the Orb.
     0 | D:1      | Mickster set off with the following items: a +2
                  | quarterstaff, a scroll of teleportation, a +0 robe, a +0
                  | dagger; and the following spell memorised: Shock; and the
                  | following spells available to memorise: Mephitic Cloud
     0 | D:1      | Reached XP level 1. HP: 16/16 MP: 5/5
   206 | D:1      | Reached skill level 3 in Fire Magic
   282 | D:1      | Reached XP level 2. HP: 23/23 MP: 4/7
   587 | D:1      | You fall into a shaft and drop 1 floor!
   600 | D:2      | Found an opulent altar of Gozag.
   671 | D:2      | Found a radiant altar of Vehumet.
   671 | D:2      | Found a burning altar of Makhleb.
   890 | D:3      | Noticed Robin
   897 | D:3      | Slain by a goblin

Illustrated notes

Levels and vault maps discovered:
D:1:      shiori_arrival_elements, layout_basic
D:2:      layout_loops_cross, gammafunk_temple_overflow_pools,
          lemuel_doored_altar, gammafunk_temple_overflow_statue,
          chequers_ecumenical_altar_grove, st_stairs_11, uniq_natasha
D:3:      layout_rooms, uniq_robin

Skill      XL: |  1  2 |
---------------+-------+-----
Fire Magic     | 3 |  3.0
Spellcasting   | 2 |  2.0
Fighting       | |  1.1
Staves         | |  1.4
Dodging        | |  0.2
Stealth        | |  1.9
Shields        | |  0.1
Evocations     | |  1.0

Action                   || total
-------------------------++-------
Melee: Quarterstaff      ||    19
       Dagger            ||    36
       Club              ||    17
 Fire: Hunting sling     ||     3
 Cast: Shock             ||    21
  Use: Scroll            ||     4
       Potion            ||     1
Armor: Robe              ||     6
       Chain mail        ||    55
Dodge: Dodged            ||    26
Block: Tower shield      ||    44
